 Dungeon Crawl Stone Soup version 0.23-a0-445-g768d57b (webtiles) character file.

651 Lavandula the Ruffian (level 7, -3/48 HPs)
             Began as an Octopode Hunter on Nov 17, 2018.
             Slain by a centaur (5 damage)
             ... on level 5 of the Dungeon.
             The game lasted 00:10:23 (2495 turns).

Lavandula the Ruffian (Octopode Hunter)             Turns: 2495, Time: 00:10:25

Health: -3/48      AC:  1    Str: 14    XL:     7   Next: 53%
Magic:  7/7        EV: 13    Int: 13    God:
Gold:   162        SH:  0    Dex: 12    Spells: 6/6 levels left

rFire    . . .     SeeInvis .     - Unarmed
rCold    . . .     Gourm    .   (no shield)
rNeg     + . .     Faith    .   (helmet restricted)
rPois    .         Spirit   .   (no amulet)
rElec    .         Reflect  .   l - ring of positive energy (curse)
rCorr    .         Harm     .   (no ring)
MR       .....                  (no ring)
Stlth    +++.......             (no ring)
HPRegen  0.16/turn              (no ring)
MPRegen  0.10/turn              (no ring)
                                (no ring)
                                (no ring)

@: flying
A: almost no armour, stealthy swim, amphibious, 8 rings, constrict 8, camouflage
1, gelatinous body 1
a: no special abilities


You were on level 5 of the Dungeon.
You were not hungry.

You visited 2 branches of the dungeon, and saw 7 of its levels.

You collected 162 gold pieces.

Inventory:

Hand Weapons
 b - a +0 spear
 i - a +0 blowgun
 p - a +0 hunting sling
Missiles
 c - 2 throwing nets
 h - 4 javelins (quivered)
 j - 4 poisoned needles
Jewellery
 l - a cursed ring of positive energy (left tentacle)
Scrolls
 a - a scroll of blinking
 e - a scroll of remove curse
 f - 3 scrolls of magic mapping {unknown}
 g - a scroll of fear
 r - 2 scrolls of teleportation {unknown}
 s - a scroll of enchant armour {unknown}
 t - 2 scrolls of amnesia {unknown}
Potions
 m - a potion of curing {unknown}
 o - a potion of agility {unknown}
Comestibles
 d - 9 rations
 q - a chunk of flesh


   Skills:
 - Level 4.2 Fighting
 - Level 4.0 Throwing
 - Level 2.0 Dodging
 - Level 1.3 Stealth
 + Level 6.8 Unarmed Combat


You had 6 spell levels left.
You didn't know any spells.
Your spell library was empty.

Dungeon Overview and Level Annotations

Branches:
Dungeon (6/15)             Temple (1/1) D:5

Altars:
Ashenzari
Dithmenos
Fedhas
Gozag
Hepliaklqana
Kikubaaqudgha
Nemelex Xobeh
Qazlal
Sif Muna
Uskayaw
Vehumet
Wu Jian
Yredelemnul
Zin
The Shining One

Shops:
D:4 %

Annotations:
D:5 Eustachio


Innate Abilities, Weirdness & Mutations

You cannot wear most types of armour.
You are very stealthy in the water. (Stealth+)
You are amphibious.
You can wear up to eight rings at the same time.
You can use your tentacles to constrict eight enemies at once.
Your skin changes colour to match your surroundings (Stealth+).
Your rubbery body absorbs attacks. (AC +1, EV +1)


Message History

An adder comes into view.
The centaur misses you.
The adder hisses angrily.
You tentacle-slap the centaur.
The centaur is heavily wounded.
The centaur hits you.
You barely miss the adder. You grab the adder. You constrict the adder.
The centaur hits you! The adder bites you.
* * * LOW HITPOINT WARNING * * *
The centaur hits you!
* * * LOW HITPOINT WARNING * * *
Unknown command.
It was a potion of magic.
Magic courses through your body.
You constrict the adder. The centaur closely misses you.
The adder closely misses you.
Unknown command.
It was a potion of flight.
You feel very buoyant.
You fly up into the air.
You constrict the adder. The centaur hits you.
You die...

#$#.#.#.#.#.#.#.#.#.#.###.
#.#.#.#.#.#.#.#.#.#.#.##.
#.#.#.#.#.#.#.#.#.#.####
#.#.#.#.#.#.#.#.#.#....
#5#.#.#.#.#.#.#.#.#.##
#.#5#.#.#.#.#^#.#.#..#
#.#.#h#.#.#.#.#.#.#.#.#
#.#.#.#c#.#.#.#.#.#.#..#
#.#.#.#.#@#.#.#.#.#.#.###
#.#.#.#c#S#.#.#.#.#.#.#..#
#S#.#.#.#.#
#[#.#.#.#.#.#.# .#.#.#.#.#
#.#.#.#.#.#..# .#.#.#.#
#.#.#.#.#.#.#.# .#.#.#
#.#.#.#.#.#.#..# .#.#
.#.#.#.#.....#.# .#
.#.#.#..8⌠....#
.#.#.#.......##


You could see a centaur, a howler monkey, an adder, a white imp and an ufetubus.

Vanquished Creatures
  A centaur (D:5)
  Blork the orc (D:4)
  A scorpion (D:4)
  A howler monkey (D:4)
  A bullfrog skeleton (D:4)
  4 orc wizards
  4 worker ants (D:4)
  Robin (D:2)
  4 gnolls (D:3)
  5 adders
  An adder skeleton (D:3)
  A worm (D:3)
  2 leopard geckos
  14 orcs
  A bat (D:2)
  2 giant cockroaches
  12 goblins
  4 hobgoblins
  5 jackals
  6 kobolds
  2 quokkas
  A frilled lizard (D:2)
  4 rats
78 creatures vanquished.

Notes
Turn   | Place    | Note
-------+----------+-------------------------------------------
     0 | D:1      | Lavandula the Octopode Hunter began the quest for the Orb.
     0 | D:1      | Reached XP level 1. HP: 14/14 MP: 1/1
   210 | D:2      | Reached skill level 1 in Unarmed Combat
   222 | D:2      | Reached XP level 2. HP: 19/19 MP: 2/2
   231 | D:2      | Noticed Robin
   283 | D:1      | Reached skill level 2 in Unarmed Combat
   309 | D:2      | Reached XP level 3. HP: 22/24 MP: 3/3
   483 | D:2      | Reached skill level 3 in Unarmed Combat
   596 | D:2      | Killed Robin
   682 | D:2      | Reached XP level 4. HP: 10/29 MP: 4/4
   789 | D:3      | Reached skill level 4 in Unarmed Combat
   793 | D:3      | Reached XP level 5. HP: 22/34 MP: 5/5
   813 | D:3      | Found a hazy altar of Hepliaklqana.
   943 | D:3      | Reached skill level 5 in Unarmed Combat
  1290 | D:4      | Found an ancient bone altar of Kikubaaqudgha.
  1290 | D:4      | Found a hide-covered altar of Uskayaw.
  1290 | D:4      | Found a sparkling altar of Nemelex Xobeh.
  1291 | D:4      | Found a shadowy altar of Dithmenos.
  1314 | D:4      | Reached XP level 6. HP: 16/39 MP: 6/6
  1349 | D:4      | Found Pusemnig's Food Boutique.
  1729 | D:4      | Noticed Blork the orc
  1860 | D:4      | Killed Blork the orc
  1860 | D:4      | Reached XP level 7. HP: 29/48 MP: 7/7
  1948 | D:4      | Reached skill level 6 in Unarmed Combat
  1973 | D:5      | Entered Level 5 of the Dungeon
  2081 | D:4      | Found a glowing golden altar of the Shining One.
  2315 | D:5      | Found a staircase to the Ecumenical Temple.
  2330 | Temple   | Entered the Ecumenical Temple
  2402 | D:6      | Noticed a two-headed ogre
  2482 | D:5      | Noticed Eustachio
  2493 | D:5      | HP: 2/48 [centaur (8)]
  2495 | D:5      | Slain by a centaur

Vault maps used:
D:1:      erik_arrival_cave_to_civilisation, minmay_misc_feat_nine_boxes,
          minmay_indecisive_spiral
D:2:      first_ration, minmay_domino_4, uniq_robin
D:3:      nicolae_overflow_crystal_walls, hangedman_decor_peaks_small,
          chequers_serial_rivers_micro_a, minmay_puff, uniq_terence,
          uniq_natasha
D:4:      kennysheep_mini, chequers_temple_overflow_statue_of_worship,
          serial_shops, shop, uniq_blork_the_orc
D:5:      lightli_temple_of_fire, minmay_temple_entry_drinking_statues,
          fedhas_altar_2, uniq_eustachio, uniq_menkaure, uniq_prince_ribbit1
D:6:      minmay_spotlight, minmay_misc_feat_roman, minmay_ogre_servants
Temple:   jpeg_temple_island

Skill      XL: |  1  2  3  4  5  6  7 |
---------------+----------------------+-----
Unarmed Combat | 1 2 3 4 5 6 |  6.8
Fighting       | 4 |  4.2
Throwing       | |  4.0
Dodging        | |  2.0
Stealth        | |  1.3

Action                   |  1- 3 |  4- 6 |  7- 9 || total
-------------------------+-------+-------+-------++-------
Melee: Unarmed           |    63 |    62 |    37 ||   162
       Constrict         |    16 |    22 |    11 ||    49
       Tentacles         |    10 |    18 |     7 ||    35
       Punch             |       |     3 |     1 ||     4
Throw: Javelin           |     8 |    23 |     2 ||    33
  Use: Scroll            |     2 |     1 |       ||     3
       Potion            |       |       |     2 ||     2
 Stab: Sleeping          |     5 |     4 |     1 ||    10
  Eat: Chunk             |       |     2 |     3 ||     5
Armor: Skin              |     3 |     1 |       ||     4
Dodge: Dodged            |    25 |    29 |    22 ||    76

Table legend:
 A = Non-vault XP
 B = Vault XP
 C = Vault XP percentage of total XP
 D = Non-vault monster count
 E = Vault monster count
 F = Vault count percentage of total count
                 A         B        C        D         E       F
            +---------+---------+-------+---------+---------+-------
      Total |     789 |     141 |  15.2 |      61 |      17 |  21.8
            +---------+---------+-------+---------+---------+-------
        D:1 |      12 |       2 |  14.3 |       6 |       1 |  14.3
        D:2 |      29 |      43 |  59.7 |      10 |      15 |  60.0
        D:3 |     180 |       0 |   0.0 |      15 |       0 |   0.0
        D:4 |     435 |      96 |  18.1 |      25 |       1 |   3.8
        D:5 |     133 |       0 |   0.0 |       5 |       0 |   0.0
            +---------+---------+-------+---------+---------+-------
